 Dungeon Crawl Stone Soup version 0.23.2-40-g277498a001 (webtiles) character file.

Game seed: 2832600298691380177

2691 Marnok the Cudgeler (level 9, -6/108 HPs)
             Began as a Demigod Artificer on Oct 4, 2019.
             Mangled by a hippogriff (7 damage)
             ... on level 7 of the Dungeon.
             The game lasted 00:30:59 (9408 turns).

Marnok the Cudgeler (Demigod Artificer)             Turns: 9408, Time: 00:31:00

Health: -6/108     AC: 24    Str: 17    XL:     9   Next: 15%
Magic:  14/14      EV:  2    Int: 19    God:
Gold:   331        SH:  0    Dex: 21    Spells: 8/8 levels left

rFire    . . .     SeeInvis .   s - +6 dire flail (holy)
rCold    . . .     Gourm    .   (shield currently unavailable)
rNeg     + + +     Faith    .   (armour currently unavailable)
rPois    +         Spirit   .   (helmet currently unavailable)
rElec    .         Reflect  .   (cloak currently unavailable)
rCorr    .         Harm     .   (gloves currently unavailable)
MR       .....     NoTele   +   (boots currently unavailable)
Stlth    +++.......             (no amulet)
HPRegen  0.28/turn              i - +5 ring of dexterity
MPRegen  0.14/turn              (no ring)

@: tree-form, fainting, lightly drained
A: high mp 1
a: no special abilities


You were on level 7 of the Dungeon.
You were fainting.
You were a tree.
You visited 1 branch of the dungeon, and saw 8 of its levels.

You collected 331 gold pieces.

Inventory:

Hand Weapons
 a - a +0 short sword
 n - a +5 dagger of protection
 o - a +2 hand axe
 s - a +6 dire flail of holy wrath (weapon)
 t - a +0 whip of flaming
 v - a +3 halberd
Armour
 b - a +1 leather armour (melded)
 p - a +2 helmet (melded)
 u - a +0 pair of boots (melded)
Jewellery
 i - a +5 ring of dexterity (left branch)
Wands
 c - a wand of flame (13)
 d - a wand of enslavement (12)
 e - a wand of random effects (15)
Scrolls
 g - 3 scrolls of identify
 h - 4 scrolls of remove curse
 k - a scroll of blinking
 l - 2 scrolls of random uselessness
 q - a scroll of fog
Potions
 j - a potion of mutation
 r - a potion of flight
Comestibles
 f - 12 rations
 w - 19 chunks of flesh


   Skills:
 + Level 4.4(4.0) Fighting
 + Level 4.6(4.2) Short Blades
 + Level 6.8(6.4) Maces & Flails
 + Level 3.2(2.8) Armour
 + Level 4.6(4.2) Dodging
 + Level 3.9(3.5) Stealth
 + Level 3.3(2.9) Evocations


You had 8 spell levels left.
You didn't know any spells.
Your spell library contained the following spells:

 Spells                   Type           Power        Failure   Level  Hunger
 Confusing Touch          Hex            #.....       21%         1    ##.....
 Confuse                  Hex            #.......     52%         3    ####...
 Gell's Gravitas          Tloc           #.........   52%         3    ####...
 Petrify                  Tmut/Erth      #.......     90%         4    #####..
 Metabolic Englaciation   Hex/Ice        #.........   99%         5    ######.
 Yara's Violent Unravell  Hex/Tmut       #.........   99%         5    ######.


Dungeon Overview and Level Annotations

Branches:
Dungeon (8/15)
 Temple: D:4-7         Lair: D:8-11

Shops:
D:7 =

Annotations:
D:7 1 runed translucent door, Marnok's ghost, novice OgFi


Innate Abilities, Weirdness & Mutations

You have an increased reservoir of magic. (+10% MP)


Message History

The hound bites you but does no damage.
You barely miss the hound zombie. The hippogriff bites you.
* * * LOW HITPOINT WARNING * * *
The hippogriff pecks you.
* * * LOW HITPOINT WARNING * * *
The hippogriff claws you but does no damage.
The hound bites you.
* * * LOW HITPOINT WARNING * * *
The hound zombie bites you but does no damage.
You puncture the hound zombie!
The hound zombie convulses.
The hound zombie is severely damaged.
The hound bites you but does no damage. The hippogriff completely misses you.
The hippogriff pecks you but does no damage.
The hippogriff claws you but does no damage.
The hound zombie bites you but does no damage.
The ogre hits you but does no damage. The hound bites you but does no damage.
You sock the hound zombie!
You destroy the hound zombie!
The hippogriff bites you!
You die...

#.# #.##..!..##.. #.#
#..+...♣!.⌠#.# #.###
#..##..%..##.# .....
...##...##..# #8#.#
#..##W##...## #.#.#
#..###§§...# #.#.#
#...§O§§..# #∩#.##
#..#§h♣...###.####.#)#.
#..'§H§§..+........)..[
#..#§§§...#######.8#)#.
###....######## #..#.#.
................#####.##.#.
...........................
......(...........####.##.#.
.....############.# #.##.#.
..... #.# #.##.#.


You could see a hippogriff, an ogre, a hound and Marnok's ghost.

Vanquished Creatures
  Grinder (D:4)
  Sigmund (D:5)
  A wyvern (D:5)
  Eustachio (D:4)
  A hungry ghost (D:7)
  Edmund (D:4)
  A sky beast (D:6)
  An ice beast (D:5)
  5 ogres
  A necrophage (D:5)
  A centaur (D:6)
  A bullfrog (D:6)
  A scorpion (D:5)
  5 wights (D:6)
  A crimson imp (D:5)
  A bullfrog zombie (D:5)
  A bullfrog skeleton (D:4)
  A hound (D:4)
  A centaur skeleton (D:4)
  An orc priest (D:5)
  2 orc wizards (D:7)
  An iguana (D:5)
  6 worker ants
  A hound zombie (D:7)
  A worker ant zombie (D:6)
  Robin (D:2)
  13 adders
  2 shadow imps
  An adder zombie (D:6)
  2 adder skeletons
  3 worms
  2 dart slugs
  7 leopard geckos
  21 orcs
  2 ball pythons
  9 bats
  7 giant cockroaches
  19 goblins
  10 hobgoblins
  14 jackals
  4 quokkas
  5 frilled lizards
  11 kobolds
  A leopard gecko skeleton (D:4)
  4 rats
177 creatures vanquished.

Vanquished Creatures (collateral kills)
  2 orc wizards (D:5)
  3 orcs (D:5)
5 creatures vanquished.

Vanquished Creatures (others)
  A centaur (D:5)
  A hound (D:5)
  A goblin (D:2)
  A quokka (D:5)
4 creatures vanquished.

Grand Total: 186 creatures vanquished

Notes
Turn   | Place    | Note
-------+----------+-------------------------------------------
     0 | D:1      | Marnok the Demigod Artificer began the quest for the Orb.
     0 | D:1      | Reached XP level 1. HP: 15/15 MP: 5/5
    71 | D:1      | Reached skill level 1 in Fighting
   217 | D:1      | Reached XP level 2. HP: 20/23 MP: 6/6
   436 | D:1      | Reached skill level 1 in Short Blades
   611 | D:1      | Reached XP level 3. HP: 10/28 MP: 7/7
  1452 | D:2      | Noticed Robin
  1678 | D:2      | Reached skill level 1 in Stealth
  1815 | D:2      | Reached skill level 1 in Armour
  1854 | D:2      | Reached XP level 4. HP: 15/35 MP: 9/9
  2514 | D:2      | Killed Robin
  3395 | D:3      | Reached XP level 5. HP: 40/40 MP: 10/10
  3559 | D:3      | Found a basalt altar of Yredelemnul.
  3872 | D:3      | Found a faded altar of an unknown god.
  3970 | D:3      | Found a deep blue altar of Sif Muna.
  4278 | D:4      | Found a bloodstained altar of Trog.
  4288 | D:4      | Noticed Grinder
  4304 | D:4      | Paralysed by Grinder for 7 turns
  4325 | D:4      | Killed Grinder
  4325 | D:4      | Reached XP level 6. HP: 5/48 MP: 11/11
  4737 | D:5      | Entered Level 5 of the Dungeon
  4772 | D:4      | Noticed Edmund
  4798 | D:4      | Killed Edmund
  4798 | D:4      | Reached XP level 7. HP: 9/56 MP: 12/12
  5357 | D:4      | Noticed Eustachio
  5434 | D:4      | Reached skill level 1 in Maces & Flails
  5708 | D:4      | Killed Eustachio
  5708 | D:4      | Reached skill level 2 in Maces & Flails
  5952 | D:5      | Noticed Sigmund
  5955 | D:5      | Reached skill level 3 in Maces & Flails
  5966 | D:5      | Found a shimmering altar of Xom.
  6279 | D:5      | Found a hide-covered altar of Uskayaw.
  6279 | D:5      | Noticed a +0 dagger
  6279 | D:5      | Noticed a +0 hand axe
  6412 | D:5      | Reached XP level 8. HP: 58/63 MP: 13/13
  6520 | D:5      | Reached skill level 4 in Maces & Flails
  6978 | D:5      | Reached skill level 5 in Maces & Flails
  7075 | D:5      | Killed Sigmund
  7468 | D:6      | Found a hazy altar of Hepliaklqana.
  7489 | D:6      | Found a burning altar of Makhleb.
  7569 | D:6      | Found a stormy altar of Qazlal.
  7643 | D:6      | Reached skill level 6 in Maces & Flails
  7747 | D:6      | Found a glowing golden altar of the Shining One.
  7749 | D:6      | Found a shattered altar of Ashenzari.
  9025 | D:6      | Reached XP level 9. HP: 63/71 MP: 14/14
  9233 | D:8      | Found a sparkling altar of Nemelex Xobeh.
  9256 | D:7      | Found Canomuin's Jewellery Emporium.
  9394 | D:7      | Found a runed translucent door.
  9394 | D:7      | Noticed Marnok's ghost (novice OgFi)
  9406 | D:7      | HP: 5/108 [hippogriff (2)]
  9406 | D:7      | HP: 1/108 [hound (4)]
  9408 | D:7      | Mangled by a hippogriff

Skill      XL: |  1  2  3  4  5  6  7  8 |
---------------+-------------------------+-----
Fighting       | 1 2 3 4 |  4.4
Dodging        | 2 3 4 |  4.6
Evocations     | 3 |  3.3
Short Blades   | 1 2 3 4 |  4.6
Stealth        | 1 2 3 |  3.9
Armour         | 1 2 3 |  3.2
Maces & Flails | 3 6 |  6.8

Action                   |  1- 3 |  4- 6 |  7- 9 || total
-------------------------+-------+-------+-------++-------
Melee: Short sword       |   199 |    56 |       ||   255
       Dagger            |       |   254 |       ||   254
       Dire flail        |       |       |   282 ||   282
Evoke: Wand              |     1 |     2 |     2 ||     5
  Use: Potion            |     4 |     2 |     5 ||    11
       Scroll            |     2 |    14 |     9 ||    25
 Stab: Sleeping          |     6 |     1 |     7 ||    14
       Invisible         |       |       |     1 ||     1
  Eat: Ration            |     1 |     1 |     2 ||     4
       Chunk             |       |     7 |     7 ||    14
Armor: Leather armour    |    66 |    91 |    91 ||   248
       Skin              |       |       |    43 ||    43
Dodge: Dodged            |   144 |   179 |   271 ||   594
